 Dungeon Crawl Stone Soup version 0.16.2-12-gd0ad4c3 (webtiles) character file.

6274 faibistes the Thaumaturge (level 10, -13/53 HPs)
             Began as a Deep Elf Wizard on Jan 20, 2018.
             Was a High Priest of Sif Muna.
             Mangled by an ogre
             ... wielding a +0 giant club
              (28 damage)
             ... on level 9 of the Dungeon.
             The game lasted 00:50:55 (15391 turns).

faibistes the Thaumaturge (Deep Elf Wizard)        Turns: 15391, Time: 00:50:56

Health: -13/53     AC:  4    Str:  6    XL:     10   Next: 63%
Magic:  20/32      EV: 15    Int: 27    God:    Sif Muna [*****.]
Gold:   607        SH:  0    Dex: 13    Spells: 10 memorised, 3 levels left

rFire  . . .     SeeInvis .     w - +2 dagger (drain)
rCold  . . .     Clarity  .     a - +0 robe
rNeg   . . .     SustAb   +     (no shield)
rPois  .         Gourm    .     D - +2 hat
rElec  .         Spirit   .     (no cloak)
rCorr  .         Warding  .     (no gloves)
rMut   .         Stasis   .     (no boots)
MR     +....                    (no amulet)
Stlth  ++........               (no ring)
                                s - ring of sustain abilities

@: repel missiles, somewhat resistant to hostile enchantments, unstealthy
A: strong 1
a: Channel Energy, Forget Spell, Renounce Religion


You were on level 9 of the Dungeon.
You worshipped Sif Muna.
Sif Muna was extremely pleased with you.
You were not hungry.

You visited 2 branches of the dungeon, and saw 11 of its levels.

You collected 607 gold pieces.

Inventory:

Hand weapons
 g - a cursed +1 dagger
 k - the cursed +13 Scythe of Curses {drain, Curse}
   (You took it off an orc warrior on level 8 of the Dungeon)

   A truly terrible weapon, it drains the life of those it strikes.
   It may re-curse itself when equipped.
   It has a curse placed upon it.
 w - a +2 dagger of draining (weapon)
 W - a +2 spear of piercing
Armour
 a - a +0 robe (worn)
 b - a +0 hat
 D - a +2 hat (worn)
Magical staves
 J - an uncursed staff of conjuration
Jewellery
 s - a ring of sustain abilities (left hand)
Magical devices
 h - a wand of random effects (19)
 t - a wand of frost (46)
 u - a wand of fire (5)
 B - a wand of random effects (33)
 E - a wand of lightning (5)
 F - a wand of fire (0)
Scrolls
 e - 3 scrolls of enchant weapon
 f - 2 scrolls of magic mapping
 j - 2 scrolls of remove curse
 r - 4 scrolls of identify
 z - a scroll of teleportation
 C - 3 scrolls of fog
 H - a scroll of enchant armour
Potions
 l - a potion of lignification
 m - a potion of brilliance
 n - 2 potions of resistance
 o - a potion of agility
 v - 3 potions of might
 A - a potion of berserk rage
 I - a potion of cancellation
Books
 c - a book of Minor Magic

   Spells                             Type                      Level
   a - Magic Dart                     Conjuration                  1
   b - Blink                          Translocation                2
   c - Call Imp                       Summoning                    2
   d - Repel Missiles                 Charms/Air                   2
   e - Slow                           Hexes                        2
   f - Conjure Flame                  Conjuration/Fire             3
   g - Mephitic Cloud                 Conjuration/Poison/Air       3
 y - a book of Burglary

   Spells                             Type                      Level
   a - Swiftness                      Charms/Air                   2
   b - Passwall                       Transmutation/Earth          3
   c - Passage of Golubria            Translocation                4
   d - Lee's Rapid Deconstruction     Earth                        5
   e - Invisibility                   Hexes                        6
   f - Darkness                       Hexes                        7
 G - a book of Control

   Spells                             Type                      Level
   a - Control Teleport               Charms/Translocation         4
   b - Control Undead                 Necromancy                   4
   c - Enslavement                    Hexes                        4
   d - Metabolic Englaciation         Hexes/Ice                    5
   e - Mass Confusion                 Hexes                        6
Comestibles
 d - 11 bread rations
 i - 4 meat rations
 p - 3 fruits
 q - 2 beef jerkies
 x - a royal jelly
 K - 3 chunks of flesh


   Skills:
 + Level 2.2 Fighting
 + Level 6.8 Dodging
 - Level 2.4 Stealth
 * Level 10.8 Spellcasting
 + Level 6.6 Conjurations
 + Level 2.4 Charms
 - Level 4.4 Summonings
 + Level 4.0 Translocations
 * Level 2.9 Transmutations
 + Level 4.6 Fire Magic
 - Level 4.0 Air Magic
 * Level 4.6 Earth Magic
 - Level 3.4 Poison Magic
 * Level 3.0 Invocations
 + Level 2.9 Evocations


You had 3 spell levels left.
You knew the following spells:

 Your Spells              Type           Power        Failure   Level  Hunger
a - Magic Dart            Conj           ####         1%          1    None
b - Conjure Flame         Conj/Fire      #####...     1%          3    None
c - Call Imp              Summ           #####...     1%          2    None
d - Blink                 Tloc           N/A          1%          2    None
e - Mephitic Cloud        Conj/Pois/Air  #####...     1%          3    None
f - Repel Missiles        Chrm/Air       ####..       1%          2    None
g - Passwall              Trmt/Erth      #####.....   2%          3    None
h - Swiftness             Chrm/Air       ####....     1%          2    None
j - Passage of Golubria   Tloc           N/A          10%         4    None
l - Lee's Rapid Deconstr  Erth           #####.....   21%         5    ###....


Dungeon Overview and Level Annotations

Branches:
Dungeon (10/15)            Temple (1/1) D:4            Lair (0/8) D:9
    Orc: D:9-12

Altars:
Ashenzari
Cheibriados
Dithmenos
Elyvilon
Fedhas
Gozag
Kikubaaqudgha
Makhleb
Nemelex Xobeh
Okawaru
Qazlal
Ru
Sif Muna
Trog
Vehumet
Yredelemnul
Zin
The Shining One

Shops:
D:5 }   D:6 (


Innate Abilities, Weirdness & Mutations

Your muscles are strong. (Str +2)


Message History

The fire roars!
You barely miss the troll.
The troll is engulfed in roaring flames.
The troll closely misses you. The troll claws you!
The troll closely misses you.
You closely miss the troll.
The troll is moderately wounded.
The troll is engulfed in roaring flames.
The troll bites you! The troll claws you!
* * * LOW HITPOINT WARNING * * *
The troll completely misses you.
Drink which item? (? for menu, Esc to quit)
Okay, then.
Casting: Conjure Flame
Confirm with . or Enter, or press ? or * to list all spells.
You blink.
The troll is engulfed in roaring flames.
The ogre hits you with a giant club!!
Ouch! That really hurt!
You die...

##H# #..8##.#_#.#. # #O##
#..###'#'#)#' #.# #.#
#...'.......) #
#.###T###..###'#'#'#' #.#
#.# #.##..8##.#.#.#. #.#
#.###H#..########## #.#
#.#.##............
#.###.###............
#.#@#.##............
###O###)#............ #
#.#T#.#.##......#''###
#.###T###.###......#>....
#.#§#.#.#.##......#.....
#.###.###.#......#.....
#?#.#.#.#.##......#.....
#.# #.###.###......##'###
#.#.#.#.#.#÷##...........#


You could see a hippogriff, 2 trolls and an ogre.

Vanquished Creatures
  A wandering mushroom (D:9)
  Prince Ribbit (D:7)
  A spriggan (D:8)
  A hungry ghost (D:9)
  A hippogriff (D:6)
  Edmund (D:7)
  Menkaure (D:7)
  An ice beast (D:8)
  7 necrophages
  A black bear (D:8)
  6 sky beasts
  3 phantoms
  4 orc warriors
  4 centaurs
  2 ogres
  2 big kobolds (D:8)
  Duvessa (D:7)
  5 giant frogs
  A gnoll sergeant (D:5)
  3 wights (D:9)
  2 scorpions
  Dowan (D:7)
  4 hounds
  6 crimson imps
  A jelly (D:9)
  3 iguanas
  12 orc priests
  3 centaur skeletons
  2 human zombies (D:9)
  9 worker ants
  Natasha (thrice) (D:3)
  6 orc wizards
  An ogre zombie (D:9)
  2 mummies (D:9)
  13 adders
  11 gnolls
  3 giant mites
  4 shadow imps
  4 worms
  2 adder skeletons
  7 giant geckos
  An ooze (D:4)
  45 orcs
  7 ball pythons
  A bat zombie (D:6)
  6 giant cockroaches
  10 goblins
  13 hobgoblins
  4 jackals
  10 bats
  6 giant newts
  2 giant spores (D:6)
  A jackal skeleton (D:4)
  29 kobolds
  An orc skeleton (D:9)
  6 quokkas
  A quokka skeleton (D:4)
  10 rats
  A ballistomycete (D:6)
  A plant (D:1)
301 creatures vanquished.

Vanquished Creatures (collateral kills)
  An adder (D:1)
  A hobgoblin (D:2)
  2 rats (D:2)
4 creatures vanquished.

Vanquished Creatures (others)
  An orc wizard (D:7)
  2 fungi (D:9)
3 creatures vanquished.

Grand Total: 308 creatures vanquished

Notes
Turn   | Place    | Note
--------------------------------------------------------------
     0 | D:1      | faibistes, the Deep Elf Wizard, began the quest for the Orb.
     0 | D:1      | Reached XP level 1. HP: 10/10 MP: 6/6
   204 | D:1      | Reached XP level 2. HP: 9/15 MP: 1/10
   641 | D:1      | Learned a level 2 spell: Blink
   644 | D:1      | Learned a level 2 spell: Call Imp
  1359 | D:1      | Reached XP level 3. HP: 17/19 MP: 7/13
  1367 | D:1      | Learned a level 3 spell: Conjure Flame
  1371 | D:1      | Learned a level 3 spell: Mephitic Cloud
  1758 | D:2      | Reached skill level 5 in Spellcasting
  2329 | D:2      | Reached XP level 4. HP: 18/24 MP: 12/17
  2675 | D:3      | Noticed Natasha
  2680 | D:3      | Killed Natasha
  2968 | D:2      | Found a burning altar of Makhleb.
  2968 | D:2      | Noticed an Executioner
  2971 | D:2      | Noticed a neqoxec
  2971 | D:2      | Noticed a neqoxec
  3069 | D:3      | Learned a level 2 spell: Repel Missiles
  3097 | D:4      | Reached skill level 6 in Spellcasting
  3097 | D:4      | Reached XP level 5. HP: 28/28 MP: 14/20
  3363 | D:3      | Noticed Natasha
  3367 | D:3      | Killed Natasha
  3532 | D:3      | Noticed Natasha
  3536 | D:3      | Killed Natasha
  4053 | D:3      | Reached XP level 6. HP: 32/32 MP: 16/22
  4135 | D:3      | Reached skill level 7 in Spellcasting
  4179 | D:4      | Found an opulent altar of Gozag.
  4179 | D:4      | Noticed a phantom
  4387 | D:4      | Killed a phantom
  5204 | D:5      | Entered Level 5 of the Dungeon
  5324 | D:4      | Reached XP level 7. HP: 37/37 MP: 16/25
  5452 | D:5      | Reached skill level 5 in Dodging
  5456 | D:5      | Reached skill level 1 in Fighting
  5544 | D:4      | Found a staircase to the Ecumenical Temple.
  5559 | Temple   | Entered the Ecumenical Temple
  5606 | Temple   | Became a worshipper of Sif Muna the Loreminder
  6056 | D:4      | Found a sacrificial altar of Ru.
  6258 | D:5      | Reached skill level 1 in Fire Magic
  6390 | D:5      | Reached skill level 1 in Air Magic
  6509 | D:5      | Reached skill level 8 in Spellcasting
  6595 | D:5      | Found a shattered altar of Ashenzari.
  6798 | D:5      | Learned a level 3 spell: Passwall
  6816 | D:5      | Reached skill level 1 in Poison Magic
  6935 | D:5      | Found Skueb's Gadget Boutique.
  7043 | D:5      | Reached XP level 8. HP: 30/43 MP: 18/27
  7138 | D:5      | Found a radiant altar of Vehumet.
  7535 | D:6      | Acquired Sif Muna's first power
  7541 | D:6      | Reached skill level 1 in Earth Magic
  7561 | D:6      | Found Mimoqoig's Antique Weapon Boutique.
  7808 | D:7      | Noticed Menkaure
  7907 | D:6      | Reached skill level 5 in Conjurations
  8151 | D:6      | Found a basalt altar of Yredelemnul.
  8244 | D:6      | Gained mutation: Your muscles are strong. (Str +2) [potion of beneficial mutation]
  9015 | D:7      | Acquired Sif Muna's second power
  9019 | D:7      | Noticed Edmund
  9239 | D:7      | Noticed Prince Ribbit
  9660 | D:7      | Killed Edmund
  9660 | D:7      | Reached XP level 9. HP: 28/47 MP: 24/29
  9970 | D:7      | Noticed Duvessa
  9974 | D:7      | Noticed Dowan
  9994 | D:7      | Killed Duvessa
  9994 | D:7      | Reached skill level 9 in Spellcasting
 10013 | D:7      | Killed Dowan
 10397 | D:7      | Killed Menkaure
 10782 | D:7      | Reached skill level 1 in Evocations
 10869 | D:7      | Killed Prince Ribbit
 10951 | D:7      | Reached skill level 1 in Charms
 11515 | D:7      | Reached skill level 1 in Transmutations
 11542 | D:7      | Reached skill level 1 in Invocations
 12121 | D:9      | Acquired Sif Muna's third power
 12121 | D:9      | Reached skill level 10 in Spellcasting
 12121 | D:9      | Reached XP level 10. HP: 50/52 MP: 24/31
 12172 | D:8      | Learned a level 2 spell: Swiftness
 12178 | D:8      | Learned a level 5 spell: Lee's Rapid Deconstruction
 12183 | D:8      | Learned a level 4 spell: Passage of Golubria
 12340 | D:8      | Found a stormy altar of Qazlal.
 13782 | D:9      | Found a staircase to the Lair.
 14504 | D:10     | Entered Level 10 of the Dungeon
 14692 | D:9      | Found a basalt altar of Yredelemnul.
 15391 | D:9      | Mangled by an ogre

Action                   |  1- 3 |  4- 6 |  7- 9 | 10-12 || total
-------------------------+-------+-------+-------+-------++-------
Melee: Unarmed           |     2 |       |       |       ||     2
       Dagger            |   140 |    24 |   103 |    73 ||   340
 Cast: Magic Dart        |    95 |   157 |   458 |   274 ||   984
       Call Imp          |     3 |       |     1 |       ||     4
       Blink             |     1 |     4 |     9 |    21 ||    35
       Mephitic Cloud    |     1 |    12 |    45 |    27 ||    85
       Conjure Flame     |     1 |     6 |    36 |    30 ||    73
       Repel Missiles    |       |     2 |     2 |       ||     4
Invok: Channel Energy    |       |       |       |     1 ||     1
Evoke: Wand              |       |     4 |     5 |       ||     9
  Use: Scroll            |       |     6 |    14 |     2 ||    22
       Potion            |       |     2 |     1 |     1 ||     4
 Stab: Confused          |       |     1 |    12 |     8 ||    21
       Sleeping          |       |       |       |     3 ||     3
  Eat: Chunk             |     5 |     8 |    20 |     9 ||    42
       Fruit             |       |     1 |       |     2 ||     3
